Map: Orbital Shipyard

Players

Dayshi

  • Race: Terran Terran
  • League: Grandmaster

MajeStic - Winner!

  • Race: Protoss Protoss
  • League: Grandmaster

Event: DreamHack ZOWIE Open Leipzig

VOD

Have the link to the VOD?

Description

Time

  • Played on: Jan. 22, 2016, 10:04 a.m.
  • Length: 9:46

All games in this series

Show
View Real Time Build Order
Export as new Build Order

Dayshi Terran 

Build Orders: MMM Bio 

Get SALT Encoding   

  12  0:00  SCV  
  13  0:13  SCV  
  14  0:17  Supply Depot  
  14  0:25  SCV  
  15  0:39  SCV  
  15  0:41  Barracks  
  16  0:51  SCV  
  17  1:01  Refinery  
  17  1:03  SCV  
  18  1:15  SCV  
  19  1:28  Orbital Command  
  19  1:30  Marine  
  20  1:37  Command Center  
  20  1:46  Supply Depot  
  20  1:49  Barracks Reactor  
  20  1:53  SCV  
  21  2:00  Engineering Bay  
  21  2:05  SCV  
  22  2:14  Barracks  
  22  2:19  SCV  
  23  2:24  Marine  
  23  2:25  Marine  
  23  2:28  Terran Infantry Weapons Level 1  
  25  2:31  SCV  
  26  2:42  Marine  
  26  2:43  SCV, Marine  
  29  2:48  Orbital Command  
  29  2:55  SCV  
  30  3:00  Marine  
  30  3:01  Barracks Tech Lab, Marine  
  30  3:04  Missile Turret  
  32  3:07  SCV  
  33  3:16  SCV  
  33  3:18  Marine  
  33  3:19  Combat Shields, SCV, Marine x2  
  38  3:23  Supply Depot  
  38  3:28  SCV  
  38  3:31  SCV  
  40  3:36  Marine x2  
  40  3:37  Marine  
  40  3:40  SCV, Supply Depot  
  44  3:43  SCV  
  45  3:52  SCV, Refinery  
  45  3:54  Marine x2  
  45  3:55  Marine  
  49  3:56  SCV  
  50  4:05  SCV  
  50  4:07  Factory  
  50  4:08  SCV, Barracks  
  52  4:16  Refinery  
  52  4:17  SCV, Supply Depot  
  53  4:18  Barracks, Marine  
  53  4:19  Marine  
  53  4:20  SCV  
  53  4:23  Marine  
  57  4:28  Terran Infantry Armor Level 1  
  57  4:29  SCV  
  58  4:32  SCV  
  58  4:34  Supply Depot  
  59  4:38  Marine x2  
  59  4:39  Refinery  
  59  4:43  Stimpack  
  61  4:49  Marauder  
  61  4:50  SCV  
  64  4:53  SCV  
  64  4:56  Marine  
  64  4:58  Starport  
  66  5:05  Factory Reactor, Marine  
  66  5:06  Marine x2  
  69  5:11  Supply Depot, SCV  
  69  5:14  SCV, Marine  
  71  5:17  Marauder  
  74  5:25  SCV  
  74  5:26  SCV  
  74  5:27  Barracks Reactor, Barracks Tech Lab  
  76  5:29  Missile Turret  
  76  5:34  Marine x2  
  73  5:37  SCV  
  73  5:38  SCV  
  71  5:49  SCV  
  72  5:50  Missile Turret  
  72  5:54  Concussive Shells  
  72  5:55  Medivac x2  
  76  5:59  SCV  
  76  6:01  SCV  
  76  6:02  Marauder x2  
  82  6:06  Supply Depot, Marine  
  82  6:10  Marine x2  
  85  6:14  Supply Depot  
  85  6:16  SCV  
  86  6:23  Liberator  
  86  6:25  Liberator  
  86  6:26  SCV  
  86  6:27  Marine  
  86  6:28  Marauder  
  86  6:29  SCV  
  86  6:30  Marine  
  86  6:31  Marauder  
  93  6:37  Marine x2  
  93  6:38  SCV  
  93  6:46  Supply Depot  
  99  6:49  Marine  
  99  6:50  Marauder  
  102  6:58  Factory Reactor  
  102  7:01  SCV, Marine  
  102  7:07  Marauder, Marine x3  
  107  7:11  Marauder  
  107  7:14  SCV x2  
  95  7:19  Marine  
  90  7:25  Marine x3  
  90  7:27  Missile Turret  
  90  7:29  Marauder  
  95  7:32  Medivac  
  95  7:33  Marauder  
  95  7:35  Medivac  
  99  7:45  Marine  
  99  7:46  Marine x3  
  99  7:50  Marauder  
  101  7:54  Marauder  
  101  7:55  Command Center  
  99  8:00  SCV  
  99  8:01  Armory  
  99  8:02  SCV  
  99  8:03  Marine  
  102  8:10  Marine x3  
  102  8:12  SCV, Widow Mine  
  106  8:13  Widow Mine  
  106  8:17  SCV  
  108  8:22  Liberator  
  108  8:24  SCV  
  108  8:25  Ghost Academy  
  106  8:29  SCV  
  107  8:36  SCV  
  107  8:37  Ghost Academy  
  110  8:43  Missile Turret  
  110  8:46  SCV  
  110  8:48  SCV  
  116  8:50  Marine x3  
  115  8:58  SCV  
  115  9:00  SCV  
  115  9:02  Marine  
  113  9:03  Marauder  
  113  9:05  Ghost  
  113  9:06  Widow Mine  
  113  9:08  Marine x2, Orbital Command  
  118  9:10  SCV  
  118  9:12  SCV  
  118  9:13  Bunker  
  118  9:18  Marine  
  118  9:20  Marine  
  109  9:24  Marauder  
  109  9:26  Marine  
Show
View Real Time Build Order
Export as new Build Order

MajeStic Protoss - Winner!

Build Orders: 1 Gate Expand 

Get SALT Encoding   

  12  0:00  Probe (Chrono Boost)  
  13  0:11  Probe (Chrono Boost)  
  14  0:18  Pylon  
  14  0:22  Probe (Chrono Boost)  
  15  0:36  Probe (Chrono Boost)  
  15  0:38  Gateway  
  16  0:45  Assimilator  
  16  0:47  Probe (Chrono Boost)  
  17  0:58  Probe (Chrono Boost)  
  18  1:08  Probe (Chrono Boost)  
  19  1:19  Probe (Chrono Boost)  
  19  1:21  Nexus  
  20  1:32  Cybernetics Core  
  20  1:35  Probe (Chrono Boost)  
  20  1:39  Assimilator  
  21  1:45  Probe (Chrono Boost)  
  22  1:48  Pylon  
  22  1:56  Probe (Chrono Boost)  
  23  2:07  Probe (Chrono Boost)  
  24  2:08  Adept (Chrono Boost)  
  24  2:14  Stargate  
  26  2:18  Probe  
  27  2:24  Robotics Facility  
  27  2:25  Warp Gate  
  27  2:30  Probe  
  27  2:33  Probe  
  29  2:37  Adept (Chrono Boost)  
  29  2:42  Probe  
  29  2:43  Probe  
  33  2:54  Mothership Core (Chrono Boost)  
  33  2:55  Probe (Chrono Boost)  
  33  2:57  Pylon  
  36  3:07  Probe (Chrono Boost)  
  36  3:10  Twilight Council  
  37  3:14  Probe (Chrono Boost)  
  37  3:17  Probe (Chrono Boost), Observer  
  37  3:18  Pylon  
  40  3:25  Probe (Chrono Boost)  
  41  3:28  Probe (Chrono Boost)  
  41  3:31  Gateway  
  42  3:34  Gateway  
  42  3:36  Probe (Chrono Boost)  
  42  3:38  Probe (Chrono Boost)  
  42  3:39  Observer  
  45  3:46  Probe (Chrono Boost)  
  46  3:49  Probe (Chrono Boost)  
  46  3:52  Resonating Glaives (Chrono Boost)  
  47  3:55  Gateway  
  47  3:58  Probe  
  47  3:59  Assimilator  
  47  4:00  Assimilator  
  47  4:02  Probe  
  49  4:07  Warp Prism  
  49  4:10  Probe  
  49  4:14  Probe  
  53  4:19  Pylon  
  53  4:22  Probe  
  54  4:30  Nexus  
  54  4:32  Probe  
  54  4:34  Probe  
  54  4:38  Adept  
  58  4:41  Adept  
  58  4:44  Adept  
  62  4:47  Observer  
  62  4:52  Probe x2  
  65  4:59  Gateway  
  65  5:01  Gateway  
  65  5:06  Pylon  
  65  5:09  Observer  
  66  5:15  Probe x2  
  68  5:26  Adept x4  
  68  5:27  Pylon  
  75  5:42  Probe  
  69  5:44  Probe x2  
  69  5:45  Immortal  
  69  5:46  Pylon  
  76  5:53  Probe  
  76  5:56  Probe x2  
  79  6:01  Templar Archives, Sentry  
  79  6:02  Sentry, Adept x2  
  79  6:03  Probe, Blink (Chrono Boost)  
  87  6:08  Probe x2  
  87  6:10  Pylon  
  90  6:14  Probe, Assimilator  
  90  6:15  Assimilator  
  91  6:20  Probe x2  
  93  6:29  Adept x6  
  93  6:31  Immortal  
  109  6:42  Forge  
  109  6:44  Forge  
  109  6:56  Stalker x3, Adept  
  109  6:57  Stalker  
  109  6:58  Sentry  
  117  7:09  Protoss Ground Weapons Level 1 (Chrono Boost)  
  117  7:10  Probe  
  117  7:12  Probe  
  117  7:13  Psionic Storm  
  117  7:14  Probe  
  116  7:17  Protoss Ground Armor Level 1 (Chrono Boost)  
  106  7:24  Adept  
  106  7:26  Pylon  
  106  7:28  Pylon  
  107  7:33  Adept  
  108  7:42  Adept  
  108  7:44  Stalker  
  108  7:45  Stalker x3  
  116  7:54  High Templar  
  116  7:58  Probe, Gateway  
  116  7:59  Gateway, Probe  
  116  8:00  Probe  
  119  8:06  High Templar  
  119  8:11  Probe  
  121  8:13  Stalker x2  
  121  8:19  Stalker x2  
  125  8:34  Pylon  
  125  8:36  Pylon  
  125  8:38  Pylon  
  125  8:47  Pylon  
  125  8:50  Pylon  
  125  8:52  Probe x2  
  127  8:56  Stalker x3  
  127  8:57  Stalker x4  
  127  9:01  Observer  
  142  9:30  Adept  
  142  9:31  Adept x5  
  142  9:32  Adept x2, Archon  

Tags
 
Add a new tag
Caveats
  • Supply blocks, unpowered buildings, or Contaminate may cause inaccurate times.
  • Supply counts are checked every 10 seconds.